 Dungeon Crawl Stone Soup version 0.30-a0-393-g54b8e3be05 (webtiles) character file.

Game seed: 9288997639941934479

115696 NinjaNoafa the Fighter (level 17, -1/140 HPs)
             Began as a Formicid Fighter on Dec 6, 2022.
             Was a High Priest of Lugonu.
             Succumbed to a redback's poison
             ... on level 3 of the Spider Nest.
             The game lasted 01:25:17 (33664 turns).

NinjaNoafa the Fighter (Formicid Fighter)          Turns: 33664, Time: 01:25:17

Health: -1/140     AC: 37    Str: 33    XL:     17   Next: 24%
Magic:  27/27      EV:  8    Int: 14    God:    Lugonu [*****.]
Gold:   72         SH: 19    Dex: 13    Spells: 16/16 levels left

rFire   . . .      SeeInvis +    a - +7 halberd (distort)
rCold   . . .      Faith    .    B - +2 kite shield
rNeg    . . .      Spirit   .    b - +0 crystal plate armour
rPois   .          Reflect  +    (helmet unavailable)
rElec   .          Harm     .    S - +3 cloak "Seli Titz" {+Inv Int+4 Stlth+}
rCorr   .          Rampage  .    n - +2 pair of gloves
Will    +....                    V - +1 pair of boots
Stlth   ..........               U - amulet of reflection
HPRegen 0.43/turn                M - ring "Kelaumia" {Fly Str+6 SInv Stlth-}
MPRegen 0.20/turn                Q - +4 ring of protection

@: lethally poisoned (-1 -> -30), flying
A: permanent stasis, dig shafts and tunnels, antennae 3, four strong arms
a: Dig, Shaft Self, Renounce Religion, Evoke Invisibility, Depart the Abyss,
Banish, Corrupt, Enter the Abyss


You were on level 3 of the Spider Nest.
You worshipped Lugonu.
Lugonu was extremely pleased with you.
You visited 7 branches of the dungeon, and saw 26 of its levels.

You collected 2303 gold pieces.
You spent 2231 gold pieces at shops.

Inventory:

Hand Weapons
 a - a +7 halberd of distortion (weapon)
 y - a +1 quarterstaff of flaming
Missiles
 e - 21 poisoned darts
 h - 6 silver boomerangs
 k - 6 javelins
 s - 17 boomerangs (quivered)
 t - 4 atropa-tipped darts
 K - 4 silver javelins
 X - a throwing net
Armour
 b - a +0 crystal plate armour (worn)
 n - a +2 pair of gloves (worn)
 u - a scarf of resistance
 B - a +2 kite shield (worn)
 S - the +3 cloak "Seli Titz" (worn) {+Inv Int+4 Stlth+}
   (You found it on level 8 of the Dungeon)

   Int:       It affects your intelligence (+4).
   +Inv:      It lets you turn invisible.
   Stlth:     It makes you more stealthy.
 V - a +1 pair of boots (worn)
Jewellery
 d - a ring of protection from cold
 E - a ring of resist corrosion
 M - the ring "Kelaumia" (left hand) {Fly Str+6 SInv Stlth-}
   (You found it on level 5 of the Lair of Beasts)

   [ring of strength]

   Str:       It affects your strength (+6).
   SInv:      It lets you see invisible.
   Fly:       It grants you flight.
   Stlth:     It makes you less stealthy.
 Q - a +4 ring of protection (right hand)
 U - an amulet of reflection (around neck)
Wands
 z - a wand of roots (3)
 D - a wand of flame (15)
 H - a wand of mindburst (12)
 N - a wand of digging (17)
 R - a wand of light (18)
 W - a wand of charming (5)
Scrolls
 c - a scroll of fear
 i - 2 scrolls of poison
 j - 3 scrolls of butterflies
 l - a scroll of silence
 r - 3 scrolls of torment
 w - 2 scrolls of vulnerability
 A - 2 scrolls of magic mapping
 F - 7 scrolls of blinking {unknown}
Potions
 f - 3 potions of lignification
 g - 3 potions of invisibility
 m - 4 potions of cancellation
 o - 7 potions of curing
 p - 4 potions of mutation {unknown}
 q - 4 potions of attraction
 v - a potion of flight
 I - 5 potions of might
 J - a potion of heal wounds
 L - 3 potions of ambrosia {unknown}
 P - 3 potions of resistance
 Y - a potion of brilliance
Miscellaneous
 x - a lightning rod (4/4)
 G - a box of beasts (inert)
 O - a piece from Xom's chessboard (15/15)
 T - a phantom mirror


   Skills:
 * Level 14.9 Fighting
 + Level 14.3 Polearms
 - Level 8.0 Throwing
 + Level 13.6 Armour
 - Level 6.0 Dodging
 + Level 12.4 Shields
 - Level 14.0 Invocations
 - Level 8.0 Evocations


You had 16 spell levels left.
You didn't know any spells.
Your spell library contained the following spells:

 Spells                   Type           Power      Damage    Failure   Level
 Apportation              Tloc           0%         N/A       100%        1
 Beastly Appendage        Tmut           0%         N/A       100%        1
 Kiss of Death            Conj/Necr      0%         2d5       100%        1
 Necrotise                Necr           0%         1d4       100%        1
 Shock                    Conj/Air       0%         1d3       100%        1
 Summon Small Mammal      Summ           0%         N/A       100%        1
 Cigotuvi's Dreadful Rot  Necr/Pois/Air  0%         N/A       100%        2
 Ensorcelled Hibernation  Hex/Ice        0%         N/A       100%        2
 Momentum Strike          Conj/Tloc      0%         3d8       100%        2
 Wereblood                Tmut           0%         N/A       100%        2
 Call Canine Familiar     Summ           0%         N/A       100%        3
 Frozen Ramparts          Ice            0%         1d1       100%        3
 Inner Flame              Hex/Fire       0%         N/A       100%        3
 Lesser Beckoning         Tloc           0%         N/A       100%        3
 Portal Projectile        Hex/Tloc       0%         N/A       100%        3
 Spider Form              Tmut/Pois      0%         N/A       100%        3
 Summon Guardian Golem    Hex/Summ       0%         N/A       100%        3
 Vampiric Draining        Necr           0%         2d6       100%        3
 Airstrike                Air            0%         2d(0-16)  100%        4
 Anguish                  Hex/Necr       0%         N/A       100%        4
 Animate Dead             Necr           0%         N/A       100%        4
 Dispel Undead            Necr           0%         3d6       100%        4
 Flame Wave               Conj/Fire      0%         2d4       100%        4
 Ice Form                 Ice/Tmut       0%         N/A       100%        4
 Leda's Liquefaction      Hex/Erth       0%         N/A       100%        4
 Passage of Golubria      Tloc           0%         N/A       100%        4
 Sticky Flame             Conj/Fire      0%         2d3       100%        4
 Summon Ice Beast         Ice/Summ       0%         N/A       100%        4
 Summon Lightning Spire   Summ/Air       0%         N/A       100%        4
 Agony                    Necr           0%         N/A       100%        5
 Borgnjor's Vile Clutch   Necr/Erth      0%         N/A       100%        5
 Lightning Bolt           Conj/Air       0%         1d11      100%        5
 Silence                  Hex/Air        0%         N/A       100%        5
 Summon Forest            Summ/Tloc      0%         N/A       100%        5
 Death Channel            Necr           0%         N/A       100%        6
 Eringya's Noxious Bog    Tmut/Pois      0%         N/A       100%        6
 Malign Gateway           Summ/Tloc      0%         N/A       100%        7
 Summon Hydra             Summ           0%         N/A       100%        7
 Disjunction              Tloc           0%         N/A       100%        8
 Lehudib's Crystal Spear  Conj/Erth      0%         10d2      100%        8
 Summon Horrible Things   Summ           0%         N/A       100%        8
 Chain Lightning          Conj/Air       0%         N/A       100%        9
 Fire Storm               Conj/Fire      0%         5d1       100%        9
 Shatter                  Erth           0%         3d5*      100%        9
 Blink                    Tloc           Unusable   N/A       N/A         2
 Swiftness                Air            Unusable   N/A       N/A         3

Dungeon Overview and Level Annotations

Branches:
Dungeon (13/15)            Temple (1/1) D:4            Lair (5/5) D:9
 Shoals (1/4) Lair:3       Spider (3/4) Lair:3        Slime (0/5) Lair:4
    Orc (2/2) D:9             Elf (1/3) Orc:2
 Vaults: D:13-14

Altars:
Ashenzari
Cheibriados
Dithmenos
Elyvilon
Fedhas
Gozag
Hepliaklqana
Kikubaaqudgha
Makhleb
Nemelex Xobeh
Okawaru
Qazlal
Ru
Sif Muna
Trog
Uskayaw
Vehumet
Wu Jian
Xom
Yredelemnul
Zin
The Shining One
Lugonu

Shops:
D:6 *   D:7 !   D:10 [   Orc:2 (::[(

Portals:
Trove: D:11 (give +4 shadow dragon scales)

Annotations:
Spider:1 corrupted, 2 transporters, exclusion: orange crystal statue
Spider:3 Mara
Orc:2 corrupted
Abyss:1 Donald, Mlioglotl


Innate Abilities, Weirdness & Mutations

You cannot be hasted, slowed, berserked, paralysed or teleported.
You can dig through walls and to a lower floor.
You have a pair of large antennae on your head. (SInv)
Your four strong arms can wield two-handed weapons with a shield.


Message History

The wolf spider completely misses your juvenile shocksting beast.
The culicivora bites your juvenile shocksting beast.
Your juvenile shocksting beast completely misses the culicivora.
Your juvenile shocksting beast stings the culicivora.
The wolf spider hits your juvenile shocksting beast but does no damage.
The wolf spider bites your juvenile shocksting beast but does no damage.
The wolf spider hits your juvenile shocksting beast but does no damage.
The wolf spider bites your juvenile shocksting beast.
The redback bites your juvenile shocksting beast but does no damage.
Your juvenile shocksting beast bursts into living lightning!
The living lightning misses the culicivora.
Your juvenile shocksting beast blinks!
The wolf spider hits your juvenile shocksting beast.
Your juvenile shocksting beast dies!
Your juvenile shocksting beast's corpse disappears in a puff of smoke!
The wolf spider's wounds heal themselves!
You block the culicivora's attack.
The culicivora attacks as you move away!
The culicivora bites you but does no damage.
The culicivora bites you!
* * * LOW HITPOINT WARNING * * *
The culicivora draws strength from your injuries!
The culicivora attacks as you move away!
You block the culicivora's attack.
The culicivora bites you but does no damage.
The culicivora attacks as you move away!
The culicivora barely misses you.
The culicivora attacks as you move away!
You block the culicivora's attack. The redback attacks as you move away!
You block the redback's attack.
The culicivora attacks as you move away!
The culicivora barely misses you. The redback attacks as you move away!
The redback bites you!
* * * LOW HITPOINT WARNING * * *
You are lethally poisoned!
The redback poisons you!
* * * LOW HITPOINT WARNING * * *
You feel extremely sick.
There is a stone staircase leading up, spattered with blood here.
You die...

### #..# ...# #..## #...#
#...## #....# # #.^@## ##.
###s.# ### #.. ##.s.## ####^^
. #..####..s.# ##^^...
#..##.(.#....## ###....#.
#.......#...## ####...####.
#......#..## ##......#.†..
##...##.R########..^^.###.†..
### #....{.#.#^..#####...#..


You could see Mara, a wolf spider, a culicivora and a redback.

Vanquished Creatures
  Jorgrun (D:11)
  Gastronok (D:11)
  Frances (D:12)
  An azure jelly (Spider:1)
  4 emperor scorpions
  An entropy weaver (Spider:2)
  Josephine (Spider:1)
  The ghost of qeuew the Cleaver, a journeyman HOFi of Xom (D:9)
  3 hydras
  2 boulder beetles
  8 two-headed ogres
  7 death yaks (Lair:4)
  A centaur warrior (D:8)
  A merfolk aquamancer (Lair:3)
  An alligator snapping turtle (Shoals:1)
  An orc high priest (Orc:2)
  A sun moth (Spider:2)
  2 pharaoh ants
  A fire crab (Lair:5)
  2 steelbarb worms (Spider:2)
  7 orb spiders
  6 harpies
  3 orc knights
  2 deep elf pyromancers
  Pikel (D:4)
  2 deep elf zephyrmancers (Orc:2)
  2 ugly things
  7 wolf spiders
  An oklob plant (Lair:4)
  2 orc sorcerers (Orc:1)
  4 fauns (Shoals:1)
  2 manticores
  A moth of wrath (Spider:1)
  3 cyclopes
  10 elephants
  3 black mambas
  A merfolk siren (Shoals:1)
  14 cane toads
  A torpor snail (Lair:4)
  A gargoyle (D:8)
  4 rime drakes
  2 komodo dragons
  2 demonic crawlers
  An unseen horror (D:12)
  An efreet (D:12)
  2 freezing wraiths (Spider:1)
  4 polar bears
  2 wind drakes
  A troll (D:9)
  A hornet (D:7)
  3 tyrant leeches
  2 merfolk
  Grinder (D:4)
  3 slime creatures
  42 blink frogs
  12 tarantellas
  14 jumping spiders
  A shadow (D:8)
  9 culicivoras
  A yak (shapeshifter) (D:8)
  5 basilisks
  A fire bat (shapeshifter) (D:8)
  2 water elementals (Lair:3)
  6 wyverns
  77 yaks
  4 wraiths
  10 vampire mosquitoes
  16 redbacks
  2 acid dragons
  2 wargs
  25 water moccasins
  3 black bears
  23 orc warriors
  5 ice beasts
  6 ogres
  11 wolves
  2 phantoms
  2 centaurs
  A lemure (D:4)
  3 kobold brigands (D:8)
  A gnoll sergeant (D:5)
  25 bullfrogs
  A necrophage (D:7)
  2 scorpions
  5 wights (D:10)
  6 electric eels
  A howler monkey (D:12)
  A lava snake (Lair:5)
  2 gnoll boudas
  19 orc priests
  3 hounds
  2 iguanas (D:5)
  Ijyb (D:5)
  22 orc wizards
  Terence (D:3)
  5 hell rats (Lair:5)
  13 gnolls
  26 adders
  3 shadow imps
  4 white imps
  An ufetubus (D:7)
  A dart slug (D:1)
  76 orcs
  2 ball pythons (D:2)
  8 endoplasms
  3 giant cockroaches
  8 goblins
  8 hobgoblins
  4 jackals
  4 quokkas
  5 bats
  A frilled lizard (D:1)
  11 kobolds
  4 rats (D:2)
707 creatures vanquished.

Vanquished Creatures (collateral kills)
  A wolf spider (Spider:3)
  A cane toad (Lair:5)
  A komodo dragon (D:12)
  A polar bear (Lair:5)
  A blink frog (Lair:5)
  A yak (D:12)
  A culicivora (Spider:2)
  A vampire mosquito (Lair:5)
  A redback (Spider:2)
  A bullfrog (Lair:5)
  2 orcs (D:9)
12 creatures vanquished.

Vanquished Creatures (others)
  A ghost moth (Spider:1)
  A radroach (Spider:1)
  5 orc high priests (Orc:2)
  A sun moth (Spider:1)
  2 steelbarb worms (Spider:1)
  4 orc knights (Orc:2)
  7 wolf spiders (Spider:1)
  A demonic crawler (Spider:1)
  3 meliai (Spider:1)
  4 tarantellas (Spider:1)
  A jumping spider (Spider:1)
  A culicivora (Spider:1)
  2 redbacks (Spider:1)
  15 orc warriors (Orc:2)
  14 orc priests (Orc:2)
  14 orcs (Orc:2)
  2 bushes (Lair:3)
  44 fungi
  99 plants
  17 starspawn tentacles
238 creatures vanquished.

Grand Total: 957 creatures vanquished

Notes
Turn   | Place    | Note
-------+----------+-------------------------------------------
     0 | D:1      | NinjaNoafa the Formicid Fighter began the quest for the
                  | Orb.
     0 | D:1      | Reached XP level 1. HP: 18/18 MP: 1/1
    39 | D:1      | You fall into a shaft and drop 1 floor!
    88 | D:2      | Reached XP level 2. HP: 14/24 MP: 2/2
   275 | D:2      | Reached XP level 3. HP: 27/29 MP: 3/3
   349 | D:2      | Reached skill level 1 in Dodging
   408 | D:2      | Reached XP level 4. HP: 21/37 MP: 4/4
  1357 | D:1      | Found a faded altar of an unknown god.
  1549 | D:1      | Prayed at the altar of an unknown god.
  1549 | D:1      | Became a worshipper of Lugonu the Unformed
  1549 | D:1      | Reached * piety under Lugonu
  1549 | D:1      | Reached ** piety under Lugonu
  1779 | D:3      | Reached XP level 5. HP: 33/42 MP: 5/5
  1873 | D:3      | Noticed Terence
  1890 | D:3      | Killed Terence
  1891 | D:3      | Reached skill level 5 in Shields
  1957 | D:3      | Identified the +0 robe "Tavorihe" {Harm rF- Str+3 Dex+4}
  2124 | D:3      | Reached XP level 6. HP: 44/48 MP: 6/6
  2530 | D:3      | Reached *** piety under Lugonu
  2838 | D:3      | You fall into a shaft and drop 1 floor!
  2894 | D:4      | You fall into a shaft and drop 2 floors!
  2951 | D:6      | Noticed a black bear
  2964 | D:6      | Killed a black bear
  2965 | D:6      | Reached XP level 7. HP: 52/55 MP: 7/7
  2968 | D:6      | Found Goixt's Assorted Antiques.
  2979 | D:6      | Bought a blackened moonstone ring for 140 gold pieces
  3046 | D:5      | Entered Level 5 of the Dungeon
  3185 | D:5      | Reached skill level 5 in Fighting
  3185 | D:5      | Reached skill level 5 in Armour
  3196 | D:5      | Reached XP level 8. HP: 62/62 MP: 8/8
  3619 | D:4      | Found a staircase to the Ecumenical Temple.
  3642 | Temple   | Entered the Ecumenical Temple
  3677 | D:4      | Noticed Grinder
  3693 | D:4      | Killed Grinder
  3829 | D:5      | Noticed Ijyb
  3837 | D:5      | Killed Ijyb
  3964 | D:6      | Reached **** piety under Lugonu
  4231 | D:6      | Reached skill level 5 in Polearms
  4231 | D:6      | Reached XP level 9. HP: 69/69 MP: 9/9
  4312 | D:6      | Found a shadowy altar of Dithmenos.
  4806 | D:7      | Noticed a hornet
  4915 | D:4      | Noticed Pikel
  4927 | D:4      | Killed Pikel
  4928 | D:4      | Reached skill level 1 in Invocations
  4928 | D:4      | Reached skill level 1 in Evocations
  5259 | D:7      | Found an opulent altar of Gozag.
  5438 | D:7      | Killed a hornet
  6047 | D:7      | Found Doephuto's Distillery.
  6294 | D:6      | Bought a scratched cabochon ring for 140 gold pieces
  6408 | D:7      | Found a glowing silver altar of Zin.
  6861 | D:8      | Reached XP level 10. HP: 64/79 MP: 11/11
  6871 | D:8      | Reached skill level 5 in Dodging
  7083 | D:8      | Reached ***** piety under Lugonu
  7332 | D:8      | Found a hide-covered altar of Uskayaw.
  7334 | D:8      | Found a snail-covered altar of Cheibriados.
  7334 | D:8      | Found a shimmering altar of Xom.
  7334 | D:8      | Found a bloodstained altar of Trog.
  7459 | D:8      | Identified the +3 cloak "Seli Titz" {+Inv Int+4 Stlth+}
  7485 | D:8      | Noticed a gargoyle
  7488 | D:8      | Killed a gargoyle
  7488 | D:8      | Noticed a two-headed ogre
  7489 | D:8      | Noticed a centaur warrior
  7506 | D:8      | Noticed a two-headed ogre
  7508 | D:8      | a hog changed into a rime drake
  7508 | D:8      | Noticed a rime drake (shapeshifter)
  7509 | D:8      | Killed a two-headed ogre
  7511 | D:8      | a rime drake changed into a warg
  7917 | D:8      | Killed a two-headed ogre
  8088 | D:8      | Identified the +4 steam dragon scales of Ughix {Int+6}
  8105 | D:8      | Killed a centaur warrior
  8106 | D:8      | Reached XP level 11. HP: 38/86 MP: 13/15
  8694 | D:9      | Found a staircase to the Lair.
  9043 | Lair:1   | Entered Level 1 of the Lair of Beasts
  9054 | Lair:1   | HP: 4/86 [black mamba (9)]
 10653 | Lair:2   | Reached XP level 12. HP: 46/94 MP: 18/18
 11002 | Lair:2   | Reached skill level 5 in Evocations
 11356 | Lair:2   | Reached skill level 10 in Fighting
 12129 | Lair:3   | Noticed a four-headed hydra
 12139 | Lair:3   | Killed a one-headed hydra
 12343 | Lair:2   | Reached skill level 10 in Polearms
 12686 | Lair:3   | Found a staircase to the Shoals.
 12710 | Lair:3   | Reached skill level 10 in Shields
 12764 | Lair:3   | Reached XP level 13. HP: 78/103 MP: 20/20
 12915 | Lair:3   | Reached ****** piety under Lugonu
 12943 | Lair:3   | Reached skill level 10 in Invocations
 13071 | Lair:3   | Reached skill level 10 in Armour
 13087 | Lair:3   | HP: 4/104 [blink frog (13)]
 13500 | Lair:3   | Found a hole to the Spider Nest.
 13603 | Lair:3   | Got the Book of Heat and the Comitatus
 14266 | D:6      | Bought a scroll labelled PEIDDI PUAH for 28 gold pieces
 14266 | D:6      | Bought a scroll labelled DAGON XUANTA for 28 gold pieces
 14270 | D:6      | Bought a scroll of enchant weapon for 210 gold pieces
 14273 | D:6      | Bought a potion of heal wounds for 140 gold pieces
 14273 | D:6      | Bought a potion of heal wounds for 140 gold pieces
 14273 | D:6      | Bought a scroll of noise for 28 gold pieces
 15058 | Lair:4   | Identified a +5 halberd of distortion (a +3 halberd of
                  | flaming corrupted by Lugonu)
 15058 | Lair:4   | Received a gift from Lugonu
 15623 | Lair:4   | Found a staircase to the Slime Pits.
 16182 | Lair:4   | Reached XP level 14. HP: 108/113 MP: 22/22
 16731 | Lair:5   | Entered Level 5 of the Lair of Beasts
 18428 | D:7      | Bought a potion of heal wounds for 50 gold pieces
 18776 | Lair:5   | Identified the +9 short sword "Cookie Cutter" {freeze, MP+9
                  | Dex+2}
 19587 | Lair:4   | Reached skill level 1 in Throwing
 19654 | Lair:4   | Reached XP level 15. HP: 58/120 MP: 24/24
 20240 | Lair:5   | Identified the ring "Kelaumia" {Fly Str+6 SInv Stlth-}
 20423 | Shoals:1 | Entered Level 1 of the Shoals
 20441 | Shoals:1 | Reached skill level 5 in Throwing
 21138 | Spider:1 | Entered Level 1 of the Spider Nest
 21139 | Spider:1 | Corrupted Spider:1
 21139 | Spider:1 | Noticed a tentacled starspawn
 21139 | Spider:1 | Noticed a tentacled starspawn
 21146 | Spider:1 | Noticed a ghost moth
 21156 | Spider:1 | Killed a ghost moth
 21157 | Spider:1 | Noticed a hellephant
 21165 | Spider:1 | Noticed a lich
 21170 | Spider:1 | Identified the -2 pair of gloves of the Healing Gods
                  | {Rampage Str+4 Int+4}
 21173 | Spider:1 | Identified the +0 robe of the Moon {*Slow Int+6 Archmagi}
 21251 | Spider:1 | Found a transporter.
 21251 | Spider:1 | Noticed a ghost moth
 21270 | Spider:1 | Noticed Josephine
 21274 | Spider:1 | Noticed an emperor scorpion
 21304 | Spider:1 | Killed Josephine
 21603 | Spider:1 | Found a transporter.
 21626 | Spider:1 | Found a frozen archway.
 21626 | Spider:1 | Noticed an azure jelly
 21644 | Spider:1 | Killed an azure jelly
 22171 | Spider:1 | You are sucked into a shaft and drop 1 floor!
 22173 | Spider:2 | Noticed Mlioglotl
 22184 | Spider:2 | Banished Mlioglotl
 22649 | Spider:2 | Noticed an emperor scorpion
 22660 | Spider:2 | Killed an emperor scorpion
 22999 | D:6      | Bought a potion of might for 112 gold pieces
 24182 | Spider:2 | Reached XP level 16. HP: 123/129 MP: 26/26
 24929 | Spider:2 | Got Isyluano's Handbook of Sinister Shifting
 25398 | D:10     | Entered Level 10 of the Dungeon
 25590 | D:9      | Found a white marble altar of Elyvilon.
 25635 | D:9      | Found a runed translucent door.
 25636 | D:9      | Noticed qeuew's ghost (journeyman HOFi)
 25875 | D:9      | Found a staircase to the Orcish Mines.
 25881 | D:9      | Identified the +1 ring mail "Ohie" {Int+4}
 26116 | D:9      | Killed qeuew's ghost
 26434 | D:10     | Found Wyegrawk's Armour Shoppe.
 26835 | D:11     | Noticed Gastronok
 26867 | D:11     | Killed Gastronok
 27468 | D:11     | Identified the ring of Poyneann {Drain Int+5 Dex+6}
 27642 | D:11     | Found a portal to a secret trove of treasure.
 27766 | D:12     | Noticed Jorgrun
 27792 | D:11     | Killed Jorgrun
 28270 | D:12     | Noticed Frances
 28294 | D:12     | HP: 6/131 [komodo dragon (17)]
 28298 | D:12     | Killed Frances
 29274 | D:7      | Bought a potion of heal wounds for 50 gold pieces
 29274 | D:7      | Bought a potion of heal wounds for 50 gold pieces
 29274 | D:7      | Bought a potion of curing for 30 gold pieces
 29274 | D:7      | Bought a potion of curing for 30 gold pieces
 29404 | Orc:1    | Entered Level 1 of the Orcish Mines
 30107 | Orc:2    | Entered Level 2 of the Orcish Mines
 30457 | Orc:2    | Found a staircase to the Elven Halls.
 30523 | Orc:2    | Found Gellaedilo's Self-Improvement Boutique.
 30663 | D:10     | Bought a +0 crystal plate armour for 800 gold pieces
 30884 | Orc:2    | Corrupted Orc:2
 30885 | Orc:2    | Noticed a tentacled starspawn
 30892 | Orc:2    | Noticed a tentacled starspawn
 31234 | Orc:2    | Found Yskun's Book Shop.
 31234 | Orc:2    | Found Nimnayri's Antique Weapon Shop.
 31235 | Orc:2    | Found Zyin's Antique Weapon Shop.
 31235 | Orc:2    | Found Diem's Antique Armour Boutique.
 31416 | Elf:1    | Entered Level 1 of the Elven Halls
 32204 | Orc:2    | Bought a pair of glowing boots for 255 gold pieces
 32447 | Spider:3 | Noticed an emperor scorpion
 32447 | Spider:3 | Noticed an emperor scorpion
 32475 | Spider:2 | Killed an emperor scorpion
 32811 | Spider:2 | Killed an emperor scorpion
 32812 | Spider:2 | Reached XP level 17. HP: 87/140 MP: 27/27
 32978 | Spider:3 | Noticed Donald
 33005 | Spider:2 | Banished Donald
 33611 | Spider:3 | Noticed Mara
 33663 | Spider:3 | HP: 5/140 [poisoned by a redback]
 33664 | Spider:3 | Succumbed to a redback's poison

Illustrated notes

Levels and vault maps discovered:
D:1:      dpeg_arrival_court, layout_basic, shapermc_ecumenical_altar_petra,
          amcnicky_mini_pool_small
D:2:      layout_basic, minmay_misc_feat_columns, st_stairs_10
D:3:      layout_basic, uniq_terence
D:4:      layout_rooms, minmay_temple_entry_junction_2, uniq_pikel, uniq_grinder
D:5:      layout_rooms, minivault_1, kennysheep_decorative_pillar, uniq_ijyb
D:6:      layout_loops_ring, nicolae_dithmenos_the_darkroom, serial_shops,
          nicolae_shop_overgrown_old_shop
D:7:      layout_basic, pdpol_temple_overflow_zin_treasury_gozag_greed,
          grunt_ministairs_13, nicolae_inconvenience_store
D:8:      minmay_the_grid_octo_triangle [minmay_the_grid_octo_shrine,
          minmay_the_grid_octo_prize_square_snowflake,
          minmay_the_grid_octo_focus], layout_loops_corners
D:9:      layout_roguey, mainiacjoe_overflow_small_starburst,
          hellmonk_lair_entry_icy, minmay_orc_entry_temple_small,
          gammafunk_ghost_grave
D:10:     layout_roguey, serial_shops, shop
D:11:     layout_loops_ring, trove_entry_hex_spiral, uniq_gastronok
D:12:     layout_basic, uniq_jorgrun, uniq_frances
D:13:     layout_rooms, erik_vaults_1
Temple:   nicolae_temple_no_exploring_needed
Lair:1:   layout_concentric_octagons, gauntlet_entry_generic
Lair:2:   layout_regular_city, infiniplex_staircase_pool, lemuel_fruit_fields,
          lemuel_fruit_fields
Lair:3:   layout_loops_ring, minmay_shoals_entry_beasts,
          spider_nest_entry_rubble, grunt_megastairs_2,
          infiniplex_staircase_pool_2
Lair:4:   lemuel_reptile_caves, layout_layer_cave,
          minmay_slime_entry_oklob_enclosed, grunt_megastairs_5
Lair:5:   minmay_lair_end_frog_pond, layout_gridlike, nicolae_lair_liquid_snakes
Shoals:1: dreamdust_from_the_deep, layout_shoals, nicolae_shoals_so_close
Spider:1: gammafunk_sealed_arena, portal_ice_cave_entry_frozen_things,
          hellmonk_motheaten_closet, uniq_josephine
Spider:2: nicolae_spider_hilbert_zone_6 [nicolae_spider_hilbert_4_sides_1_open,
          nicolae_spider_hilbert_4_sides_1_open,
          nicolae_spider_hilbert_4_sides_1_open,
          nicolae_spider_hilbert_4_sides_1_open,
          nicolae_spider_hilbert_4_sides_1_open,
          nicolae_spider_hilbert_4_sides_1_open,
          nicolae_spider_hilbert_4_sides_1_open], hangedman_spider_mandibles,
          uniq_mlioglotl
Spider:3: layout_spider_delve, uniq_donald, uniq_mara
Orc:1:    layout_caves, basic_altar
Orc:2:    st_orc_pillars, layout_caves, basic_altar, nicolae_shop_self_help
Elf:1:    elf_arrival_001, layout_onion_city, ebering_ghost_inner_flame,
          kennysheep_underground_church

Skill      XL: |  1  2  3  4  5  6  7  8  9 10 11 12 13 14 15 16 |
---------------+-------------------------------------------------+-----
Dodging        | 1 2 3 4 6 |  6.0
Armour         | 4 5 6 7 8 9 11 12 13 | 13.6
Fighting       | 4 5 6 7 8 10 11 12 14 | 14.9
Shields        | 5 6 7 8 10 12 | 12.4
Polearms       | 3 4 5 8 10 11 13 14 | 14.3
Invocations    | 1 6 9 11 12 14 | 14.0
Evocations     | 2 4 6 8 |  8.0
Throwing       | 2 8 |  8.0

Action                   |  1- 3 |  4- 6 |  7- 9 | 10-12 | 13-15 | 16-18 || total
-------------------------+-------+-------+-------+-------+-------+-------++-------
Melee: Trident           |    81 |   239 |    96 |       |       |    13 ||   429
       Unarmed           |       |       |    27 |       |       |       ||    27
       Halberd           |       |       |   233 |   512 |   916 |   516 ||  2177
Throw: Boomerang         |       |       |     4 |       |    10 |    45 ||    59
       Javelin           |       |       |       |     2 |    13 |    30 ||    45
       Dart              |       |       |       |       |       |     4 ||     4
Invok: Brand Weapon With |       |       |       |       |     1 |       ||     1
       Corrupt           |       |       |       |       |     1 |     1 ||     2
       Banish            |       |       |       |       |       |     2 ||     2
 Abil: Shaft Self        |     1 |     1 |       |       |       |       ||     2
       Dig               |       |       |     2 |     2 |     2 |     3 ||     9
Evoke: Wand              |       |     1 |     4 |    14 |    33 |     4 ||    56
       Phantom mirror    |       |       |       |     1 |       |     1 ||     2
       Piece from Xom's  |       |       |       |       |     1 |     2 ||     3
       Lightning rod     |       |       |       |       |     5 |       ||     5
       Box of beasts     |       |       |       |       |       |     3 ||     3
  Use: Potion            |       |     1 |     3 |     7 |    13 |     7 ||    31
       Scroll            |       |       |     7 |     5 |    10 |    10 ||    32
 Stab: Invisible         |       |       |       |     4 |       |       ||     4
       Distracted        |       |       |       |       |       |     1 ||     1
Armor: Scale mail        |    25 |    66 |       |       |       |       ||    91
       Chain mail        |       |    71 |   146 |    14 |       |       ||   231
       Skin              |       |       |    57 |       |       |       ||    57
       Plate armour      |       |       |       |   416 |   860 |   210 ||  1486
       Crystal plate arm |       |       |       |       |       |   157 ||   157
Dodge: Dodged            |    41 |   110 |   118 |   230 |   434 |   195 ||  1128
Block: Buckler           |    25 |    75 |     6 |       |       |       ||   106
       Kite shield       |       |       |   265 |   415 |   719 |   628 ||  2027
       Reflection        |       |       |       |     9 |       |     9 ||    18

Table legend: (Time is in decaauts)
 A = Elapsed time spent in this place.
 B = Non-inter-level travel time spent in this place.
 C = Inter-level travel time spent in this place.
 D = Time resting spent in this place.
 E = Time spent auto-exploring this place.
 F = Levels seen in this place.
 G = Mean time per level.
                   A        B        C        D        E       F      G
               +--------+--------+--------+--------+--------+-----+--------+
         Total |  34008 |  29854 |   4154 |   3261 |  20014 |  26 | 1308.0 |
       Dungeon |  14376 |  11813 |   2563 |    316 |   8665 |  13 | 1105.8 |
        Temple |      1 |      0 |      1 |      0 |      0 |   1 |    1.0 |
          Lair |  12589 |  11499 |   1090 |   1738 |   7579 |   5 | 2517.8 |
        Shoals |    130 |    130 |      0 |      0 |      0 |   1 |  130.0 |
   Spider Nest |   4392 |   4159 |    233 |    738 |   2479 |   3 | 1464.0 |
  Orcish Mines |   2475 |   2210 |    265 |    469 |   1290 |   2 | 1237.5 |
   Elven Halls |     43 |     43 |      0 |      0 |      1 |   1 |   43.0 |
               +--------+--------+--------+--------+--------+-----+--------+

Top non-repeatable levels by time:
  Lair:4: 3340 daAuts
  Lair:3: 3280 daAuts
Spider:2: 3007 daAuts
  Lair:2: 2344 daAuts
     D:7: 2056 daAuts
     D:8: 2009 daAuts
  Lair:5: 1844 daAuts
  Lair:1: 1779 daAuts
     D:9: 1561 daAuts
   Orc:2: 1502 daAuts
     D:6: 1286 daAuts
    D:11: 1230 daAuts
     D:3: 1165 daAuts
     D:1: 1025 daAuts
   Orc:1: 972 daAuts
